 Dungeon Crawl Stone Soup version 0.29-a0-284-gf9362112df (webtiles) character file.

Game seed: 5342797636384493871

10274 siradein the Arsonist (level 11, 0/91 HPs)
             Began as a Pale Draconian Fire Elementalist on Mar 18, 2022.
             Was a Believer of Vehumet.
             Killed from afar by a gargoyle (8 damage)
             ... with a stone arrow
             ... on level 11 of the Dungeon on Mar 21, 2022.
             The game lasted 01:16:38 (15531 turns).

siradein the Arsonist (DrFE)                       Turns: 15531, Time: 01:16:38

Health: 0/91       AC: 10    Str: 10    XL:     11   Next: 34%
Magic:  10/21      EV: 14    Int: 19    God:    Vehumet [**....]
Gold:   640        SH:  0    Dex: 13    Spells: 8/24 levels left

rFire   + . .      SeeInvis +   E - +1 spear (venom)
rCold   . . .      Faith    .   (no shield)
rNeg    . . .      Spirit   .   (body armour unavailable)
rPois   .          Reflect  .   (helmet restricted)
rElec   .          Harm     .   G - +0 cloak
rCorr   .          Rampage  .   c - +0 pair of gloves
Will    .....                   K - +0 pair of boots
Stlth   ++........              (no amulet)
HPRegen 0.25/turn               i - ring of protection from fire
MPRegen 0.17/turn               L - ring of see invisible

@: about to teleport, studying Staves
A: breathe steam, AC +7, unfitting armour, cold-blooded, steam resistance,
antennae 1
a: Breathe Steam, Renounce Religion


You were on level 11 of the Dungeon.
You worshipped Vehumet.
Vehumet was pleased with you.
You visited 2 branches of the dungeon, and saw 12 of its levels.
You also visited: Sewer.

You collected 640 gold pieces.

Inventory:

Hand Weapons
 E - a +1 spear of venom (weapon)
Armour
 c - a +0 pair of gloves (worn)
 u - an orb of mayhem
 G - a +0 cloak (worn)
 K - a +0 pair of boots (worn)
Magical Staves
 j - a staff of earth
Jewellery
 i - a ring of protection from fire (left hand)
 s - an amulet of faith
 y - a ring of positive energy
 A - a +6 ring of strength
 H - a ring of flight
 J - a ring of positive energy
 L - a ring of see invisible (right hand)
Wands
 C - a wand of acid (10)
 F - a wand of polymorph (21)
Scrolls
 d - 4 scrolls of fog
 k - 2 scrolls of immolation
 l - 2 scrolls of silence {unknown}
 m - 2 scrolls of vulnerability {unknown}
 o - 3 scrolls of teleportation
 q - a scroll of holy word {unknown}
 r - 3 scrolls of amnesia {unknown}
 t - 2 scrolls of enchant armour {unknown}
 v - a scroll of enchant weapon {unknown}
 w - a scroll of magic mapping {unknown}
 x - 2 scrolls of blinking {unknown}
 I - 5 scrolls of identify
 M - a scroll of summoning {unknown}
Potions
 a - 3 potions of magic
 b - 4 potions of curing
 g - 5 potions of haste
 h - 10 potions of degeneration
 n - 2 potions of mutation
 p - a potion of resistance {unknown}
 z - 2 potions of lignification {unknown}
 B - a potion of flight {unknown}
 D - 2 potions of brilliance {unknown}


   Skills:
 + Level 6.7 Fighting
 + Level 5.9 Dodging
 - Level 1.7 Stealth
 + Level 7.0 Spellcasting
 + Level 6.3 Conjurations
 - Level 2.6 Hexes
 + Level 11.5 Fire Magic
 + Level 6.8 Evocations


You had 8 spell levels left.
You knew the following spells:

 Your Spells              Type           Power      Damage    Failure   Level
a - Foxfire               Conj/Fire      100%       2x1d9     1%          1
b - Scorch                Fire           100%       2d10      1%          2
c - Conjure Flame         Conj/Fire      40%        6-21      1%          3
d - Inner Flame           Hex/Fire       33%        N/A       1%          3
e - Flame Wave            Conj/Fire      40%        2d9       2%          4
f - Mephitic Cloud        Conj/Pois/Air  14%        N/A       13%         3

Your spell library contained the following spells:

 Spells                   Type           Power      Damage    Failure   Level
 Corpse Rot               Necr/Air       12%        N/A       16%         2
 Poisonous Vapours        Pois/Air       12%        N/A       16%         2
 Sublimation of Blood     Necr           6%         N/A       16%         2
 Wereblood                Tmut           6%         N/A       16%         2
 Passage of Golubria      Tloc           6%         N/A       69%         4
 Silence                  Hex/Air        5%         N/A       85%         5
 Summon Hydra             Summ           3%         N/A       100%        7
 Lehudib's Crystal Spear  Conj/Erth      9%         10d4      100%        8


Dungeon Overview and Level Annotations

Branches:
Dungeon (11/15)            Temple (1/1) D:6            Lair (0/6) D:8
    Orc (0/2) D:10          Sewer (visited)

Altars:
Ashenzari
Cheibriados
Dithmenos
Elyvilon
Fedhas
Gozag
Hepliaklqana
Kikubaaqudgha
Makhleb
Nemelex Xobeh
Okawaru
Qazlal
Ru
Sif Muna
Trog
Uskayaw
Vehumet
Wu Jian
Xom
Yredelemnul
Zin
The Shining One

Shops:
D:6 (   D:8 =

Annotations:
D:3 2 transporters
D:6 1 runed translucent door, Crazy Yiuf


Innate Abilities, Weirdness & Mutations

You can breathe blasts of scalding, opaque steam.
Your pale cyan-grey scales are hard. (AC +7)
You cannot fit into any form of body armour.
You are cold-blooded and may be slowed by cold attacks.
You are immune to the effects of steam.
You have a pair of small antennae on your head.


Message History

The gargoyle is lightly damaged.
The gargoyle's fire resistance burns away.
The gargoyle hurls a stone arrow at you.
The stone arrow misses you.
The gargoyle is no longer more vulnerable to fire.
You feel much better. The gargoyle attacks as you move away!
The gargoyle closely misses you.
The gargoyle hurls a stone arrow at you.
The stone arrow misses you.
Casting: Scorch (safe; 1% risk of failure)
Confirm with . or Enter, or press ? or * to list all spells.
Aiming: Inner Flame (safe; 1% risk of failure)
Press: ? - help, Dir - move target, f - gargoyle
Aim: a gargoyle, wielding a +0 mace (lightly damaged, chance to affect: 73%)
The gargoyle is filled with an inner flame.
Aiming: Breathe Steam (1% risk of failure)
Press: ? - help, Shift-Dir - straight line, f/p - gargoyle
Aim: a gargoyle, wielding a +0 mace (lightly damaged, inner flame, 88% to hit)
You exhale a blast of scalding steam.
The ball of steam hits the gargoyle but does no damage.
The gargoyle is lightly damaged.
The gargoyle is engulfed in a cloud of scalding steam.
Flame seeps out of the gargoyle.
The gargoyle misses you. The gargoyle attacks as you move away!
The gargoyle hits you with a +0 mace! The gargoyle attacks as you move away!
The gargoyle hits you with a +0 mace! The gargoyle attacks as you move away!
The gargoyle completely misses you. The gargoyle attacks as you move away!
The gargoyle hits you with a +0 mace!
* * * LOW HITPOINT WARNING * * *
The gargoyle hurls a stone arrow at you.
The stone arrow misses you.
Okay, then.
As you read the scroll labelled QUGEFI LIHYN, it crumbles to dust.
You feel strangely unstable.
It was a scroll of teleportation.
You have got your breath back.
The gargoyle hurls a stone arrow at you.
The stone arrow hits you!
* * * LOW HITPOINT WARNING * * *
The gargoyle hurls a stone arrow at you.
The stone arrow hits you!
You die...

....+###....# .....#
#....# .....+ #....#
.8....##....#
.....+##....# . .....#
#....#######+##..
....+###................
+.+## #.............#
##{###.........@...#
#####........9......#
....................+
....................#
....................#
...ยง..................
.......................
.......######..........
.......#....+....#####


You could see a gargoyle (inner flame).

Vanquished Creatures
  A two-headed ogre (D:4)
  Pikel (D:4)
  An unseen horror (D:10)
  A gargoyle (D:11)
  A komodo dragon (D:11)
  2 trolls (D:10)
  A hornet (D:8)
  4 wyverns
  Eustachio (D:6)
  5 yaks
  4 steam dragons
  3 acid dragons
  Duvessa (D:6)
  2 water moccasins (D:8)
  A swamp drake (D:10)
  An ice beast (D:5)
  2 orc warriors (D:10)
  A sky beast (D:6)
  3 black bears
  4 ogres
  4 wolves (D:8)
  5 centaurs
  A lemure (D:4)
  3 phantoms
  2 kobold brigands (Sewer)
  3 bullfrogs
  A gnoll sergeant (D:7)
  4 scorpions
  4 necrophages
  10 wights
  13 killer bees
  Dowan (D:6)
  2 howler monkeys (D:9)
  2 jellies
  7 orc priests
  2 gnoll shamans (D:6)
  2 hounds
  8 orc wizards
  13 gnolls
  13 adders
  A river rat (Sewer)
  A shadow imp (D:7)
  2 white imps
  An ufetubus (D:7)
  6 worms
  2 dart slugs
  32 orcs
  3 bats
  14 endoplasms
  9 giant cockroaches
  4 goblins
  8 hobgoblins
  6 jackals
  8 kobolds
  5 quokkas
  8 ball pythons
  2 frilled lizards
  18 rats
  A butterfly (D:6)
271 creatures vanquished.

Vanquished Creatures (collateral kills)
  2 killer bees (D:8)
  An orc wizard (D:8)
  2 gnolls
  2 foxfires (D:1)
7 creatures vanquished.

Vanquished Creatures (others)
  A scorpion (D:6)
  A killer bee (D:8)
  315 foxfires
  6 fungi (D:8)
  18 plants (D:8)
341 creatures vanquished.

Grand Total: 619 creatures vanquished

Notes
Turn   | Place    | Note
-------+----------+-------------------------------------------
     0 | D:1      | siradein the Draconian Fire Elementalist began the quest
                  | for the Orb.
     0 | D:1      | Reached XP level 1. HP: 14/14 MP: 3/3
   268 | D:1      | Reached XP level 2. HP: 20/20 MP: 3/5
   736 | D:1      | Reached skill level 4 in Fire Magic
  1222 | D:2      | Reached XP level 3. HP: 26/26 MP: 3/6
  1282 | D:2      | Learned a level 2 spell: Scorch
  1286 | D:2      | Learned a level 3 spell: Conjure Flame
  1759 | D:2      | Reached XP level 4. HP: 33/33 MP: 2/7
  2125 | D:3      | Found a transporter.
  2225 | D:3      | Reached skill level 5 in Fire Magic
  2236 | D:3      | Found a transporter.
  2247 | D:3      | Found a faded altar of an unknown god.
  2341 | D:3      | Reached XP level 5. HP: 16/38 MP: 7/9
  2547 | D:3      | Found a glowing drain.
  2553 | Sewer    | Entered a sewer
  3131 | Sewer    | Reached skill level 6 in Fire Magic
  3231 | Sewer    | Reached XP level 6. HP: 25/45 MP: 2/11
  3810 | Sewer    | Learned a level 3 spell: Inner Flame
  3985 | D:3      | Found a broken altar of Ashenzari.
  3985 | D:3      | Found a radiant altar of Vehumet.
  3985 | D:3      | Found a shimmering altar of Xom.
  4229 | D:3      | Gained mutation: Your muscles are strong. (Str +2) [potion
                  | of mutation]
  4229 | D:3      | Lost mutation: Your muscles are strong. (Str +2) [potion of
                  | mutation]
  4229 | D:3      | Gained mutation: You have a pair of small antennae on your
                  | head. [potion of mutation]
  4391 | D:4      | Reached skill level 7 in Fire Magic
  4391 | D:4      | Your scales start taking on a pale cyan-grey colour.
  4391 | D:4      | Reached XP level 7. HP: 49/50 MP: 3/13
  4391 | D:4      | Gained mutation: You are immune to the effects of steam.
                  | [Pale Draconian growth]
  4559 | D:4      | Reached skill level 8 in Fire Magic
  4791 | D:4      | Reached skill level 1 in Fighting
  4791 | D:4      | Reached skill level 1 in Evocations
  4952 | D:4      | Noticed a two-headed ogre
  5298 | D:4      | Noticed Pikel
  5326 | D:4      | Killed Pikel
  5327 | D:4      | Reached XP level 8. HP: 58/62 MP: 9/15
  5545 | D:4      | Killed a two-headed ogre
  5546 | D:4      | Reached skill level 5 in Spellcasting
  5546 | D:4      | Reached skill level 9 in Fire Magic
  5551 | D:4      | Learned a level 4 spell: Flame Wave
  5665 | D:5      | Entered Level 5 of the Dungeon
  5748 | D:5      | Reached XP level 9. HP: 70/70 MP: 16/16
  6558 | D:6      | Noticed Eustachio
  6646 | D:6      | Killed Eustachio
  6812 | D:6      | Reached skill level 10 in Fire Magic
  6989 | D:6      | Found a staircase to the Ecumenical Temple.
  7044 | Temple   | Entered the Ecumenical Temple
  7409 | D:3      | Became a worshipper of Vehumet
  7595 | D:6      | Noticed Duvessa
  7624 | D:6      | Killed Duvessa
  7672 | D:6      | Noticed Dowan
  7698 | D:6      | Killed Dowan
  7849 | D:6      | Found a sacrificial altar of Ru.
  8095 | D:6      | Found a runed translucent door.
  8096 | D:6      | Noticed Crazy Yiuf
  8153 | D:6      | Found Jefuip's Weapon Emporium.
  8757 | D:7      | Reached XP level 10. HP: 70/80 MP: 7/18
  8820 | D:7      | Reached skill level 5 in Evocations
  9425 | D:8      | Reached skill level 5 in Fighting
  9781 | D:8      | Reached skill level 1 in Hexes
  9790 | D:8      | Reached * piety under Vehumet
  9790 | D:8      | Offered knowledge of Magic Dart by Vehumet.
  9792 | D:8      | Reached skill level 5 in Conjurations
 10168 | D:8      | Reached skill level 11 in Fire Magic
 10225 | D:8      | Reached skill level 5 in Dodging
 10457 | D:8      | Found a staircase to the Lair.
 10859 | D:8      | Found Miovvo Gua's Jewellery Shop.
 11687 | D:9      | Offered knowledge of Static Discharge by Vehumet.
 11765 | D:9      | Reached ** piety under Vehumet
 12281 | D:9      | Reached XP level 11. HP: 89/89 MP: 7/21
 13161 | D:10     | Entered Level 10 of the Dungeon
 13629 | D:10     | Found a staircase to the Orcish Mines.
 14143 | D:10     | Offered knowledge of Mephitic Cloud by Vehumet.
 14294 | D:10     | Learned a level 3 spell: Mephitic Cloud
 14686 | D:10     | Noticed a two-headed ogre
 14686 | D:10     | Noticed an ogre mage
 14689 | D:10     | Noticed a two-headed ogre
 14689 | D:10     | Noticed a two-headed ogre
 14691 | D:10     | Noticed a two-headed ogre
 15480 | D:11     | Noticed a white ugly thing
 15531 | D:11     | Killed from afar by a gargoyle

Illustrated notes

Levels and vault maps discovered:
D:1:      nicolae_arrival_washed_ashore, layout_loops_cross, chequers_big_river
D:2:      layout_rooms
D:3:      gammafunk_steamed_eel, layout_loops_ring,
          gammafunk_temple_overflow_claw, gup_sewer_entry_bubbles,
          nicolae_ecumenical_oubliette
D:4:      kb_forest_paths, layout_basic, uniq_pikel
D:5:      layout_gridville
D:6:      layout_rooms, mainiacjoe_overflow_concentric_impassable,
          minmay_temple_entry_butterflies, serial_shops, nicolae_lakefront_shop,
          nicolae_benzene_ring, uniq_crazy_yiuf_cottage, uniq_duvessa,
          uniq_eustachio
D:7:      layout_basic, sigmund_army
D:8:      layout_basic, minmay_lair_entry_grove, nrook_campfire,
          minmay_misc_feat_chi, minmay_shop_enchanted_jewellery
D:9:      layout_layer_cave
D:10:     minmay_angry_zag, layout_loops_ring, erik_orc_1,
          statue_in_the_mist_lemuel, hangedman_decor_opposing
D:11:     cheibrodos_statue_roulette, layout_irregular_city, moated_statue
Temple:   dpeg_five_rooms_temple

Skill      XL: |  1  2  3  4  5  6  7  8  9 10 11 |
---------------+----------------------------------+-----
Fire Magic     | 4 5 6 7 8 9 10 11 | 11.5
Spellcasting   | 3 4 5 6 7 |  7.0
Fighting       | 2 3 4 6 |  6.7
Dodging        | 2 3 4 5 |  5.9
Evocations     | 2 3 4 6 |  6.8
Conjurations   | 2 3 4 5 6 |  6.3
Hexes          | 2 |  2.6
Stealth        | |  1.7

Action                   |  1- 3 |  4- 6 |  7- 9 | 10-12 || total
-------------------------+-------+-------+-------+-------++-------
Melee: Short sword       |       |   118 |     3 |       ||   121
       Tailslap          |       |    10 |       |     4 ||    14
       Punch             |       |     1 |       |       ||     1
       Spear             |       |       |       |    11 ||    11
 Cast: Foxfire           |    50 |    34 |    41 |    54 ||   179
       Scorch            |     2 |    26 |    33 |    69 ||   130
       Inner Flame       |       |       |    15 |    73 ||    88
       Flame Wave        |       |       |     2 |     1 ||     3
       Conjure Flame     |       |       |       |     6 ||     6
 Abil: Breathe Steam     |       |       |    41 |    54 ||    95
  Use: Scroll            |       |     5 |     3 |     2 ||    10
       Potion            |       |     1 |       |     2 ||     3
 Stab: Sleeping          |       |     1 |       |       ||     1
Armor: Skin              |     2 |    51 |     9 |    31 ||    93
Dodge: Dodged            |    20 |    72 |    24 |   112 ||   228

Table legend: (Time is in decaauts)
 A = Elapsed time spent in this place.
 B = Non-inter-level travel time spent in this place.
 C = Inter-level travel time spent in this place.
 D = Time resting spent in this place.
 E = Time spent auto-exploring this place.
 F = Levels seen in this place.
 G = Mean time per level.
                   A        B        C        D        E       F      G
               +--------+--------+--------+--------+--------+-----+--------+
         Total |  15755 |  15207 |    548 |   1895 |  10283 |  13 | 1211.9 |
       Dungeon |  14071 |  13572 |    499 |   1650 |   9125 |  11 | 1279.2 |
        Temple |    260 |    211 |     49 |      0 |    200 |   1 |  260.0 |
         Sewer |   1423 |   1423 |      0 |    245 |    958 |   1 | 1423.0 |
               +--------+--------+--------+--------+--------+-----+--------+

Top non-repeatable levels by time:
     D:8: 2190 daAuts
    D:10: 1823 daAuts
     D:9: 1672 daAuts
     D:4: 1427 daAuts
   Sewer: 1423 daAuts
     D:5: 1276 daAuts
     D:7: 1268 daAuts
     D:1: 1173 daAuts
     D:3: 1085 daAuts
     D:6: 932 daAuts
     D:2: 870 daAuts
    D:11: 350 daAuts
  Temple: 260 daAuts
